 Dungeon Crawl Stone Soup version 0.14-a0-2592-g262d02f (webtiles) character file.

87 CrazyArbalest the Charlatan (level 3, 0/26 HPs)
             Began as a Demonspawn Artificer on Feb 12, 2014.
             Killed from afar by a kobold (10 damage)
             ... with a wand of frost
             ... on Level 2 of the Dungeon.
             The game lasted 00:15:20 (2032 turns).

CrazyArbalest the Charlatan (Demonspawn Artificer)  Turns: 2032, Time: 00:15:20

HP   0/26        AC  3     Str 11      XL: 3   Next: 32%
MP   5/5         EV 11     Int 13      God:
Gold 46          SH  0     Dex 14      Spells:  0 memorised,  2 levels left

rFire  . . .     SeeInvis .     k - +0,+3 spear (venom)
rCold  . . .     Clarity  .     e - +0 leather armour
rNeg   . . .     Conserve .     (no shield)
rPois  .         rCorr    .     (no helmet)
rElec  .         rRot     .     (no cloak)
SustAb . .       Spirit   .     (no gloves)
rMut   .         Warding  .     (no boots)
Saprov . . .     Stasis   .     (no amulet)
MR     .....                    (no ring)
                                g - ring of sustenance {unknown}

@: not resistant to hostile enchantments, unstealthy
A: powered by pain 1
a: no special abilities


You were on level 2 of the Dungeon.
You were not hungry.

You visited 1 branch of the dungeon, and saw 2 of its levels.

You collected 46 gold pieces.

Inventory:

Hand weapons
 a - a +0,+0 short sword
 k - a +0,+3 spear of venom (weapon)
Missiles
 s - 20 bolts
Armour
 e - a +0 leather armour (worn)
Magical devices
 b - a wand of flame (14)
 c - a wand of enslavement (15)
 d - a wand of random effects (15)
Comestibles
 f - a bread ration
 l - a chunk of rat flesh
 m - a chunk of bat flesh
 o - a rotting chunk of giant gecko flesh
 r - 2 chunks of worm flesh
Scrolls
 h - a scroll of curse armour {unknown}
 i - a scroll of curse weapon {unknown}
 j - 2 scrolls of teleportation {unknown}
 n - 3 scrolls of identify {unknown}
Jewellery
 g - a ring of sustenance (left hand) {unknown}
Potions
 p - 2 potions of cure mutation {unknown}
 q - a potion of restore abilities {unknown}


   Skills:
 + Level 1.2 Fighting
 - Level 0.8 Short Blades
 + Level 0.5 Armour
 + Level 2.1 Dodging
 + Level 0.8 Stealth
 * Level 4.1 Evocations


You had 2 spell levels left.
You didn't know any spells.

Dungeon Overview and Level Annotations

Branches:
Dungeon (2/16)

Altars:
Vehumet


Innate Abilities, Weirdness & Mutations

You sometimes gain a little power by taking damage.


Message History

You kill the giant gecko!
You see here a bat corpse.
You start butchering the bat corpse.
You continue butchering the corpse.
You continue butchering the corpse.
You finish butchering the bat corpse.
m - a chunk of bat flesh A kobold comes into view.
Found a radiant altar of Vehumet.
The kobold shouts!
You see here 20 bolts.
s - 20 bolts Attack whom?
Press: ? - help, Dir - move target cursor, f - kobold
Aim: a kobold You reach to attack!
You closely miss the kobold. You closely miss the kobold.
The kobold hits you but does no damage.
The kobold zaps a wand.
The puff of frost hits you!
You hit the kobold but do no damage.
The kobold is poisoned.
The kobold zaps a wand.
The puff of frost hits you!
You die...

#. .....#.........#....#
#...#...#.........#....#
#.......#.........#.....
.#._.#.................
.........#........##.....
....#...#...............
................#.#.....
........K......#.#.#.....
........@................
.........................
.........####...........
.......... ...........
........... #.........
........... ........)
......#.... .........
........... ...#....(
......... ........(


You could see a kobold.

Vanquished Creatures
  A worm (D:2)
  2 bats (D:2)
  A giant cockroach (D:1)
  3 goblins (D:1)
  4 hobgoblins (D:1)
  3 jackals (D:1)
  5 kobolds
  A ball python (D:1)
  2 giant geckos
  5 giant newts (D:1)
  6 rats
33 creatures vanquished.

Notes
Turn   | Place    | Note
--------------------------------------------------------------
     0 | D:1      | CrazyArbalest, the Demonspawn Artificer, began the quest for the Orb.
     0 | D:1      | Reached XP level 1. HP: 15/15 MP: 1/1
   615 | D:1      | Gained mutation: You sometimes gain a little power by taking damage. [demonic ancestry]
   615 | D:1      | Reached XP level 2. HP: 21/21 MP: 3/3
  1039 | D:1      | HP: 1/21 [poisoned by a goblin]
  1428 | D:1      | Reached skill level 4 in Evocations
  1895 | D:2      | Reached XP level 3. HP: 26/26 MP: 5/5
  2024 | D:2      | Found a radiant altar of Vehumet.
  2032 | D:2      | Killed from afar by a kobold

Action                   || total
-------------------------++-------
Melee: Short sword       ||    60
       Spear             ||    68
Evoke: Wand              ||     1
 Stab: Distracted        ||     1
       Sleeping          ||     1
